 Dungeon Crawl Stone Soup version 0.30.0-20-g3615ddf2f0 (webtiles) character file.

Game seed: 3263718664544394861

248762 qw the Severer (level 20, -3/149 HPs)
             Began as a Gargoyle Fighter on June 1, 2023.
             Was an Elder of Okawaru.
             Slain by Zenata
             ... wielding a +5 eveningstar of draining
              (13 damage)
             ... on level 2 of the Vaults.
             The game lasted 00:19:34 (36232 turns).

qw the Severer (Gargoyle Fighter)                  Turns: 36232, Time: 00:19:35

Health: -3/149     AC: 56    Str: 28    XL:     20   Next: 3%
Magic:  27/27      EV: 11    Int: 10    God:    Okawaru [****..]
Gold:   1850       SH: 14    Dex:  9    Spells: 19/19 levels left

rFire   . . .        Y - +6 broad axe (freeze)
rCold   . . .        l - +0 kite shield {reflect}
rNeg    + . .        z - +6 plate armour {rPois}
rPois   inf          (helmet restricted)
rElec   +            w - +2 cloak
rCorr   .            j - +2 pair of gloves
SInv    +            b - +2 pair of boots
Will    +....        e - amulet of faith Stlth
                     h - +4 ring of protection
HPRegen 0.44/turn    u - +4 ring of slaying {mikee}
MPRegen 0.20/turn

%: reflection, faith
@: about to teleport, heroic, flying
A: sickness immunity, AC +15, big wings, negative energy resistance 1,
electricity resistance, torment resistance 1, petrification resistance, antennae
1, see invisible, robust 1
}: 1/15 runes: serpentine
a: Renounce Religion, Heroism, Finesse


You were on level 2 of the Vaults.
You worshipped Okawaru.
Okawaru was greatly pleased with you.
You visited 7 branches of the dungeon, and saw 32 of its levels.
You visited the Abyss 1 time.

You collected 3646 gold pieces.
You spent 1796 gold pieces at shops.


Innate Abilities, Weirdness & Mutations

You are immune to sickness and miasma.
Your stone body is resilient. (AC +15)
You are immune to poison.
Your large and strong wings let you fly.
You resist negative energy. (rN+)
You are resistant to electric shocks. (rElec)
You are resistant to unholy torment.
You are immune to petrification.
You have a pair of small antennae on your head.
You have supernaturally acute eyesight. (SInv)
You are robust. (+10% HP)


   Skills:
 + Level 17.9(22.9) Fighting
 - Level 18.0(23.0) Axes
 - Level 10.0(15.0) Throwing
 - Level 16.0(21.0) Armour
 - Level 4.0(9.0) Dodging
 - Level 16.0(21.0) Shields
 - Level 10.0 Invocations


You had 19 spell levels left.
You didn't know any spells.
Your spell library was empty.

Inventory:

Hand Weapons
 Y - a +6 broad axe of freezing (weapon)
Missiles
 q - 5 boomerangs (quivered)
Armour
 b - a +2 pair of boots (worn)
 c - a +1 plate armour of cold resistance
 g - the +8 plate armour of Egalitarianism {Harm Dex+3 SInv}
   (Okawaru gifted it to you on level 1 of the Vaults)

   Dex:       It affects your dexterity (+3).
   SInv:      It lets you see invisible.
   Harm:      It increases damage dealt and taken.
 i - the -1 pair of gloves of Coveufen {rCorr Dex+4}
   (You found it on level 15 of the Dungeon)

   Dex:       It affects your dexterity (+4).
   rCorr:     It protects you from acid and corrosion.
 j - a +2 pair of gloves (worn)
 l - a +0 kite shield of reflection (worn)
 w - a +2 cloak (worn)
 z - a +6 plate armour of poison resistance (worn)
 D - the -2 pair of boots "Zoewn" {rElec rF+}
   (You found it on level 13 of the Dungeon)

   rF:        It protects you from fire.
   rElec:     It insulates you from electricity.
Jewellery
 e - an amulet of faith (around neck)
 h - a +4 ring of protection (left hand)
 n - an amulet of regeneration
 u - a +4 ring of slaying (right hand) {mikee}
 v - a ring of resist corrosion
 y - a ring of protection from fire
 A - a ring of protection from cold
 B - a ring of protection from cold
Scrolls
 a - 12 scrolls of identify
 k - 11 scrolls of teleportation
Potions
 d - 6 potions of might
 f - 10 potions of curing
 o - 8 potions of haste
 p - 5 potions of attraction
 r - 5 potions of cancellation
 s - 2 potions of magic
 C - a potion of lignification

Dungeon Overview and Level Annotations

Branches:
Dungeon (15/15)            Temple (1/1) D:5            Lair (5/5) D:11
  Swamp (3/4) Lair:3        Snake (4/4) Lair:2        Slime (0/5) Lair:5
    Orc (2/2) D:11            Elf (0/3) Orc:2        Vaults (2/5) D:13
 Depths (0/4) D:15
  Crypt: Vaults:2-3

Altars:
Ashenzari
Cheibriados
Dithmenos
Elyvilon
Fedhas
Gozag
Hepliaklqana
Kikubaaqudgha
Makhleb
Nemelex Xobeh
Okawaru
Qazlal
Ru
Sif Muna
Trog
Uskayaw
Vehumet
Wu Jian
Xom
Yredelemnul
Zin
The Shining One

Shops:
D:6 [   Orc:2 ?*(=   Snake:1 *   Snake:2 *   Snake:4 :   Vaults:1 (

Annotations:
Snake:4 2 transporters, qw's ghost, adept GrFi
Vaults:2 Zenata


Message History

You kill the wizard!
Okawaru accepts your kill.
You start resting.
Zenata is nearby!
Zenata shouts!
36220 ||| Stepping ~*~*~tactically~*~*~ (hiding).
You slash Zenata! You freeze Zenata!
Zenata is lightly wounded.
Zenata hits you with a +5 eveningstar of draining.
You slice Zenata!! You freeze Zenata.
Zenata is moderately wounded.
Zenata polishes a blade.
Zenata hits you but does no damage.
You slice Zenata!! You freeze Zenata.
Zenata is heavily wounded.
You hit Zenata but do no damage.
Zenata is heavily wounded.
Zenata closely misses you.
You slash Zenata! You freeze Zenata.
Zenata is heavily wounded.
You block Zenata's attack.
You barely miss Zenata.
Zenata is heavily wounded.
You slice Zenata!! You freeze Zenata.
Zenata is severely wounded.
Zenata casts a spell at you.
A blast of power from the earth strikes you!
36230 ||| READING 12 scrolls of teleportation.
As you read the scroll of teleportation, it crumbles to dust.
You feel strangely unstable.
Zenata hits you with a +5 eveningstar of draining!!
You hit Zenata but do no damage.
Zenata is severely wounded.
You block Zenata's attack.
The ironbound convoker gestures at Zenata while chanting.
Zenata seems to grow stronger.
You slash Zenata! You freeze Zenata.
Zenata is severely wounded.
Zenata hits you with a +5 eveningstar of draining!
You die...

.....'.#... ###
....[#.########
.....#.........
.....#.#############
.....#.#...........#
.....#.#...........#
.....#.#...........#
.....#.#...........#
#.#........@ap#...
#.#......)....'....
#.#.......)...#....
#.############# ...
#........... .
######...........
.................
...............#
.########......+


You could see Zenata (strong) and an ironbound convoker.

Vanquished Creatures
  Rupert (D:15)
  A lich (Abyss:2)
  2 sphinxes
  Kirke (Lair:3)
  Agnes (Snake:3)
  A storm dragon (D:15)
  Donald (Swamp:3)
  5 nagarajas
  4 fenstrider witches
  3 vault wardens
  An emperor scorpion (D:15)
  A frost giant (Vaults:1)
  A balrug (Abyss:2)
  Aizul (Swamp:1)
  4 ironbound preservers (Vaults:1)
  A stone giant (Vaults:1)
  A very ugly thing (Vaults:2)
  2 war gargoyles (Vaults:2)
  4 ironbound thunderhulks
  5 eleionomae
  4 dire elephants
  4 bunyips
  A deep elf annihilator (Vaults:1)
  Azrael (Snake:1)
  Snorg (Orc:1)
  A crystal guardian (Vaults:2)
  Josephine (Swamp:1)
  2 yaktaur captains (Vaults:2)
  2 shambling mangroves (Swamp:3)
  5 salamander tyrants
  5 great orbs of eyes (Vaults:2)
  Harold (D:10)
  A spriggan skeleton (Abyss:2)
  8 vault guards (D:13)
  An ogre mage (D:15)
  2 peacekeepers (Vaults:2)
  3 ghost crabs (Swamp:1)
  A spriggan air mage (Swamp:3)
  8 centaur warriors
  10 hydras
  A merfolk avatar (Lair:5)
  2 catoblepae
  9 anacondas
  An ironbound frostheart (Vaults:1)
  4 boulder beetles
  12 two-headed ogres
  11 naga warriors
  Erica (Lair:2)
  3 alligators (Swamp:3)
  2 tengu warriors (D:15)
  3 thrashing horrors (Abyss:2)
  2 spriggan berserkers (Swamp:3)
  9 naga sharpshooters
  Urug (Orc:2)
  3 orc high priests (Orc:2)
  3 sun demons (Abyss:2)
  5 shock serpents
  9 spriggans
  2 wretched stars (Abyss:2)
  3 salamander mystics
  15 deep trolls (Vaults:1)
  2 skysharks
  A sea snake (Lair:5)
  4 spriggan druids
  3 swamp dragons
  7 bog bodies
  7 goliath frogs
  4 naga ritualists
  A flayed ghost (Abyss:2)
  3 wizards
  2 harpies
  A mana viper (shapeshifter) (D:15)
  5 orc knights
  12 ironbound convokers
  4 mana vipers
  2 lindwurms (Vaults:1)
  3 deep elf pyromancers
  17 ugly things
  6 orc sorcerers
  5 manticores
  8 salamanders
  5 will-o-the-wisps
  2 cyclopes
  A worldbinder (Abyss:2)
  10 elephants
  26 black mambas
  22 naga magi
  8 vault sentinels
  3 guardian serpents
  Maurice (Orc:2)
  2 gargoyles
  2 smoke demons (Abyss:2)
  Psyche (D:8)
  10 cane toads
  4 rime drakes
  A freezing wraith (D:14)
  12 komodo dragons
  3 efreet (D:13)
  8 yaktaurs
  A komodo dragon (shapeshifter) (D:13)
  A tengu conjurer (D:13)
  A hellwing (Abyss:2)
  2 trolls
  2 bloated husks (Swamp:1)
  An ancient zyme (Abyss:2)
  4 polar bears
  A wind drake (Lair:5)
  11 hornets
  Prince Ribbit (D:8)
  15 blink frogs
  2 snapping turtles (Lair:5)
  14 tyrant leeches
  5 dream sheep (Lair:4)
  3 raiju (Abyss:2)
  3 slime creatures
  4 ynoxinuls (Abyss:2)
  A vampire (D:13)
  A wyvern (shapeshifter) (D:13)
  A jumping spider (shapeshifter) (D:15)
  6 wraiths
  5 large abominations (Abyss:2)
  7 wyverns
  Eustachio (D:6)
  36 yaks
  5 hogs (Lair:3)
  3 basilisks
  11 vampire mosquitoes
  A neqoxec (Abyss:2)
  3 steam dragons
  13 swamp worms
  37 nagas
  4 hell hounds (Snake:1)
  2 swamp drakes
  8 water moccasins
  An acid dragon (D:9)
  16 orc warriors
  3 sky beasts
  An ice beast (D:6)
  A black bear (D:4)
  3 small abominations (Abyss:2)
  5 ogres
  2 phantoms (D:5)
  23 wolves
  2 centaurs
  3 kobold brigands
  10 bullfrogs
  A gnoll sergeant (D:9)
  4 scorpions
  16 wights
  7 killer bees (D:9)
  2 howler monkeys
  2 vampire bats (Orc:1)
  10 electric eels
  A quasit (Abyss:2)
  A hound (D:5)
  20 orc priests
  3 sleepcaps (D:6)
  4 starcursed masses (Abyss:2)
  3 gnoll boudas
  Jessica (D:3)
  Terence (D:3)
  An iguana (D:5)
  18 orc wizards
  4 hell rats (Lair:4)
  Ijyb (D:3)
  18 gnolls
  6 adders
  14 white imps
  2 ufetubi (Abyss:2)
  4 worms
  3 dart slugs
  55 orcs
  15 bats
  10 endoplasms
  4 giant cockroaches
  6 goblins
  13 hobgoblins
  3 jackals (D:2)
  4 quokkas
  11 ball pythons
  3 frilled lizards
  17 kobolds
  3 rats
  A lurking horror (Abyss:2)
1000 creatures vanquished.

Vanquished Creatures (others)
  A small abomination (Abyss:2)
  30 foxfires
31 creatures vanquished.

Grand Total: 1031 creatures vanquished

Notes
Turn   | Place    | Note
-------+----------+-------------------------------------------
     0 | D:1      | qw the Gargoyle Fighter began the quest for the Orb.
     0 | D:1      | Reached XP level 1. HP: 14/14 MP: 1/1
     0 | D:1      | 0 ||| qw: Version: 0.2-a-102-gdf20003
     0 | D:1      | 0 ||| qw: Game counter: 717
     0 | D:1      | 0 ||| qw: Always use a shield: true
     0 | D:1      | 0 ||| qw: God list: Okawaru
     0 | D:1      | 0 ||| qw: Allow faded altars: false
     0 | D:1      | 0 ||| qw: Do Orc after D:15 true
     0 | D:1      | 0 ||| qw: Do second Lair branch before Depths: true
     0 | D:1      | 0 ||| qw: Lair rune preference: random
     0 | D:1      | 0 ||| qw: Plans: Normal, Zot:1-4, Slime:5, God:TSO, Crypt,
                  | Tomb, Pan, Hells, Abyss, Win
     0 | D:1      | 0 ||| PLANNING D:1-11
   114 | D:1      | Reached skill level 2 in Axes
   205 | D:1      | Reached XP level 2. HP: 19/19 MP: 2/2
   377 | D:1      | Reached skill level 3 in Axes
   385 | D:1      | Reached XP level 3. HP: 23/23 MP: 3/3
   885 | D:1      | 885 ||| UPGRADING to +0 pair of gloves.
   890 | D:1      | 890 ||| UPGRADING to amulet of regeneration.
   895 | D:1      | 895 ||| UPGRADING to +4 ring of protection.
   896 | D:1      | 896 ||| UPGRADING to ring of resist corrosion.
   897 | D:1      | 897 ||| READING 3 scrolls labelled BYANONI POPOL.
   898 | D:1      | 898 ||| READING scroll labelled POFALIUCELA.
   899 | D:1      | 899 ||| READING scroll labelled TAQUJ KAFE.
   900 | D:1      | 900 ||| DROPPING +0 club.
   901 | D:1      | 901 ||| READING scroll labelled PAEMOYRYEN.
   902 | D:1      | 902 ||| READING scroll labelled PADIEWEHEX.
   903 | D:1      | 903 ||| READING 2 scrolls of identify.
   903 | D:1      | 903 ||| IDENTIFYING metallic black potion
  1291 | D:2      | Reached XP level 4. HP: 28/28 MP: 4/4
  1292 | D:2      | 1292 ||| Stepping ~*~*~tactically~*~*~ (stealth).
  1308 | D:2      | Reached skill level 4 in Axes
  1637 | D:2      | 1637 ||| UPGRADING to +0 chain mail.
  1647 | D:2      | 1647 ||| DROPPING +0 scale mail.
  1648 | D:2      | 1648 ||| READING scroll labelled VEINTO ORRUSE.
  1649 | D:2      | 1649 ||| READING 3 scrolls labelled DOKIDE QOUCW.
  1652 | D:2      | 1652 ||| READING 2 scrolls of identify.
  1652 | D:2      | 1652 ||| IDENTIFYING white potion
  1718 | D:3      | 1718 ||| Stepping ~*~*~tactically~*~*~ (hiding).
  1765 | D:3      | 1765 ||| Stepping ~*~*~tactically~*~*~ (hiding).
  1774 | D:3      | 1774 ||| DRINKING 2 potions of curing.
  1774 | D:3      | 1774 ||| (to cure confusion)
  1777 | D:3      | Reached XP level 5. HP: 32/32 MP: 5/5
  1818 | D:3      | 1818 ||| Stepping ~*~*~tactically~*~*~ (hiding).
  1819 | D:3      | 1819 ||| Stepping ~*~*~tactically~*~*~ (hiding).
  1821 | D:3      | 1821 ||| Stepping ~*~*~tactically~*~*~ (hiding).
  1830 | D:3      | Reached skill level 5 in Axes
  1868 | D:3      | Noticed Jessica
  1869 | D:3      | 1869 ||| Stepping ~*~*~tactically~*~*~ (hiding).
  1875 | D:3      | Killed Jessica
  2051 | D:3      | Noticed Terence
  2052 | D:3      | 2052 ||| Stepping ~*~*~tactically~*~*~ (stealth).
  2055 | D:3      | Noticed Ijyb
  2056 | D:3      | 2056 ||| Stepping ~*~*~tactically~*~*~ (stealth).
  2060 | D:3      | Killed Terence
  2061 | D:3      | Reached XP level 6. HP: 38/38 MP: 6/6
  2064 | D:3      | Killed Ijyb
  2199 | D:3      | You fall into a shaft and drop 1 floor!
  2267 | D:4      | 2267 ||| READING 2 scrolls labelled FODGHY VICUE.
  2268 | D:4      | 2268 ||| Stepping ~*~*~tactically~*~*~ (stealth).
  2271 | D:4      | 2271 ||| Stepping ~*~*~tactically~*~*~ (hiding).
  2398 | D:4      | 2398 ||| READING 3 scrolls labelled OFFAUXKA ZUNINN.
  2399 | D:4      | 2399 ||| DRINKING 3 glowing coppery potions.
  2399 | D:4      | Gained mutation: Your body sometimes deteriorates upon
                  | taking damage. [potion of mutation]
  2399 | D:4      | Gained mutation: Your spells are a little harder to cast,
                  | but a little more powerful. [potion of mutation]
  2400 | D:4      | 2400 ||| DROPPING scroll of immolation.
  2527 | D:4      | Noticed a sky beast
  2543 | D:4      | Killed a sky beast
  2544 | D:4      | Reached skill level 6 in Axes
  2570 | D:4      | 2570 ||| READING scroll labelled GEGGEH QYNLA.
  2571 | D:4      | 2571 ||| DROPPING 2 scrolls of fog.
  2627 | D:3      | 2627 ||| Stepping ~*~*~tactically~*~*~ (stealth).
  2634 | D:3      | Reached XP level 7. HP: 43/43 MP: 7/7
  2766 | D:3      | Found a broken altar of Ashenzari.
  2768 | D:3      | Found a shimmering blue altar of Sif Muna.
  2772 | D:3      | Found an ancient bone altar of Kikubaaqudgha.
  2776 | D:3      | 2776 ||| UPGRADING to +0 pair of boots.
  2781 | D:3      | 2781 ||| READING scroll labelled GIYPHY CAMYNAJ.
  2782 | D:3      | 2782 ||| READING 2 scrolls of identify.
  2782 | D:3      | 2782 ||| IDENTIFYING coppery potion
  2783 | D:3      | 2783 ||| DROPPING potion of invisibility.
  2887 | D:4      | Reached skill level 1 in Dodging
  2891 | D:4      | 2891 ||| Stepping ~*~*~tactically~*~*~ (hiding).
  2931 | D:4      | 2931 ||| Stepping ~*~*~tactically~*~*~ (hiding).
  2936 | D:4      | Reached skill level 7 in Axes
  2991 | D:4      | 2991 ||| Stepping ~*~*~tactically~*~*~ (stealth).
  2993 | D:4      | Found a blossoming altar of Fedhas.
  3000 | D:4      | Found a shimmering altar of Xom.
  3218 | D:4      | Reached XP level 8. HP: 50/50 MP: 8/8
  3236 | D:4      | Reached skill level 1 in Throwing
  3248 | D:4      | 3248 ||| Stepping ~*~*~tactically~*~*~ (stealth).
  3251 | D:4      | 3251 ||| Stepping ~*~*~tactically~*~*~ (stealth).
  3263 | D:4      | 3263 ||| READING scroll of enchant armour.
  3263 | D:4      | 3263 ||| ENCHANTING +0 pair of gloves.
  3455 | D:4      | 3455 ||| UPGRADING to +0 plate armour.
  3465 | D:4      | 3465 ||| DROPPING +0 chain mail.
  3466 | D:4      | 3466 ||| DRINKING 2 blue potions.
  3474 | D:5      | Entered Level 5 of the Dungeon
  3506 | D:5      | Found a staircase to the Ecumenical Temple.
  3507 | D:5      | 3507 ||| PLANNING TEMPLE
  3515 | Temple   | Entered the Ecumenical Temple
  3529 | Temple   | 3529 ||| PLANNING OKAWARU WORSHIP
  3566 | Temple   | Became a worshipper of Warmaster Okawaru
  3566 | Temple   | 3566 ||| PLANNING D:1-11
  3894 | D:5      | Found a burning altar of Makhleb.
  3966 | D:5      | Reached skill level 8 in Axes
  4201 | D:5      | 4201 ||| READING 3 scrolls of identify.
  4201 | D:5      | 4201 ||| IDENTIFYING fizzy golden potion
  4202 | D:5      | 4202 ||| READING 2 scrolls of identify.
  4202 | D:5      | 4202 ||| IDENTIFYING golden potion
  4203 | D:5      | 4203 ||| DROPPING potion of degeneration.
  4498 | D:6      | 4498 ||| Stepping ~*~*~tactically~*~*~ (hiding).
  4561 | D:6      | Reached skill level 6 in Fighting
  4576 | D:6      | 4576 ||| Stepping ~*~*~tactically~*~*~ (hiding).
  4593 | D:6      | 4593 ||| FLEEEEING.
  4594 | D:6      | 4594 ||| FLEEEEING.
  4598 | D:6      | Noticed Eustachio
  4601 | D:6      | Reached * piety under Okawaru
  4602 | D:6      | Reached XP level 9. HP: 55/55 MP: 9/9
  4602 | D:6      | 4602 ||| INVOKING Heroism.
  4621 | D:6      | Killed Eustachio
  4666 | D:6      | Found Deibb's Armour Boutique.
  4674 | D:6      | 4674 ||| SHOPLISTING +1 plate armour of poison resistance
                  | (416 gold, have 350).
  4674 | D:6      | 4674 ||| SHOPLISTING +1 ring mail of Ymomas {Harm Fly rF++
                  | Dex-4} (353 gold, have 350).
  4674 | D:6      | 4674 ||| BUYING +2 helmet of Riceclat {rPois} (334 gold).
  4674 | D:6      | Bought the +2 helmet of Riceclat {rPois} for 334 gold
                  | pieces
  4964 | D:6      | 4964 ||| UPGRADING to +2 helmet of Riceclat {rPois}.
  4969 | D:6      | 4969 ||| UPGRADING to amulet of faith.
  4979 | D:6      | 4979 ||| UPGRADING to +4 ring of slaying {mikee}.
  4981 | D:6      | 4981 ||| READING scroll labelled MAPHUO OMOLY.
  4982 | D:6      | 4982 ||| DRINKING 3 gluggy clear potions.
  5018 | D:7      | 5018 ||| INVOKING Heroism.
  5088 | D:7      | Reached skill level 1 in Invocations
  5225 | D:7      | Reached skill level 9 in Axes
  5392 | D:7      | Reached skill level 3 in Invocations
  5629 | D:7      | 5629 ||| DROPPING +6 ring of strength.
  5659 | D:8      | 5659 ||| STAIRDANCE
  5664 | D:7      | Reached skill level 6 in Armour
  5678 | D:8      | Noticed a two-headed ogre
  5679 | D:8      | 5679 ||| INVOKING Heroism.
  5688 | D:8      | Killed a two-headed ogre
  5688 | D:8      | Reached ** piety under Okawaru
  5704 | D:8      | 5704 ||| STAIRDANCE
  5831 | D:8      | Noticed Psyche
  5838 | D:8      | Killed Psyche
  5839 | D:8      | Reached skill level 3 in Throwing
  5839 | D:8      | Reached XP level 10. HP: 55/60 MP: 13/13
  5879 | D:8      | 5879 ||| Stepping ~*~*~tactically~*~*~ (hiding).
  5881 | D:8      | 5881 ||| Stepping ~*~*~tactically~*~*~ (hiding).
  5883 | D:8      | 5883 ||| Stepping ~*~*~tactically~*~*~ (hiding).
  5890 | D:8      | 5890 ||| Stepping ~*~*~tactically~*~*~ (stealth).
  5975 | D:8      | Found a flagged portal.
  6045 | D:8      | Found an opulent altar of Gozag.
  6151 | D:8      | Noticed Prince Ribbit
  6157 | D:8      | Killed Prince Ribbit
  6157 | D:8      | Reached *** piety under Okawaru
  6249 | D:8      | 6249 ||| Stepping ~*~*~tactically~*~*~ (stealth).
  6253 | D:8      | 6253 ||| Stepping ~*~*~tactically~*~*~ (stealth).
  6258 | D:8      | Noticed a two-headed ogre
  6259 | D:8      | 6259 ||| INVOKING Heroism.
  6265 | D:8      | Killed a two-headed ogre
  6266 | D:8      | Reached skill level 10 in Axes
  6298 | D:8      | 6298 ||| Stepping ~*~*~tactically~*~*~ (stealth).
  6738 | D:8      | 6738 ||| Stepping ~*~*~tactically~*~*~ (hiding).
  6743 | D:8      | 6743 ||| INVOKING Heroism.
  6901 | D:8      | Noticed a deep elf pyromancer
  6909 | D:8      | Killed a deep elf pyromancer
  6967 | D:8      | 6967 ||| UPGRADING to +0 cloak.
  6972 | D:8      | 6972 ||| DRINKING 2 viscous red potions.
  6973 | D:8      | 6973 ||| DROPPING potion of flight.
  7044 | D:9      | Received a gift from Okawaru
  7075 | D:9      | 7075 ||| Stepping ~*~*~tactically~*~*~ (hiding).
  7076 | D:9      | 7076 ||| Stepping ~*~*~tactically~*~*~ (hiding).
  7077 | D:9      | 7077 ||| Stepping ~*~*~tactically~*~*~ (hiding).
  7078 | D:9      | 7078 ||| Stepping ~*~*~tactically~*~*~ (hiding).
  7079 | D:9      | 7079 ||| Stepping ~*~*~tactically~*~*~ (hiding).
  7080 | D:9      | 7080 ||| Stepping ~*~*~tactically~*~*~ (hiding).
  7081 | D:9      | 7081 ||| Stepping ~*~*~tactically~*~*~ (hiding).
  7085 | D:9      | Noticed a two-headed ogre
  7086 | D:9      | 7086 ||| INVOKING Heroism.
  7093 | D:9      | Killed a two-headed ogre
  7093 | D:9      | Reached **** piety under Okawaru
  7104 | D:9      | Found a glowing silver altar of Zin.
  7109 | D:9      | Reached XP level 11. HP: 68/68 MP: 14/14
  7136 | D:9      | Found a white marble altar of Elyvilon.
  7141 | D:9      | 7141 ||| INVOKING Heroism.
  7277 | D:9      | 7277 ||| READING 2 scrolls of enchant armour.
  7277 | D:9      | 7277 ||| ENCHANTING +1 pair of gloves.
  7278 | D:9      | 7278 ||| READING scroll of enchant armour.
  7278 | D:9      | 7278 ||| ENCHANTING +0 pair of boots.
  7295 | D:9      | Noticed a two-headed ogre
  7296 | D:9      | 7296 ||| INVOKING Heroism.
  7302 | D:9      | Killed a two-headed ogre
  7303 | D:9      | Reached skill level 6 in Invocations
  7501 | D:9      | 7501 ||| Stepping ~*~*~tactically~*~*~ (hiding).
  7588 | D:10     | Entered Level 10 of the Dungeon
  7648 | D:10     | 7648 ||| Stepping ~*~*~tactically~*~*~ (hiding).
  7650 | D:10     | 7650 ||| Stepping ~*~*~tactically~*~*~ (hiding).
  7688 | D:10     | Received a gift from Okawaru
  7689 | D:10     | 7689 ||| Stepping ~*~*~tactically~*~*~ (stealth).
  7856 | D:10     | Noticed a two-headed ogre
  7857 | D:10     | 7857 ||| INVOKING Heroism.
  7867 | D:10     | Killed a two-headed ogre
  7990 | D:10     | 7990 ||| FLEEEEING.
  8039 | D:10     | Noticed Harold
  8040 | D:10     | 8040 ||| FLEEEEING.
  8041 | D:10     | 8041 ||| FLEEEEING.
  8048 | D:10     | 8048 ||| INVOKING Heroism.
  8051 | D:10     | 8051 ||| Stepping ~*~*~tactically~*~*~ (water).
  8060 | D:10     | Killed Harold
  8218 | D:10     | 8218 ||| Stepping ~*~*~tactically~*~*~ (stealth).
  8222 | D:10     | Reached ***** piety under Okawaru
  8223 | D:10     | Reached skill level 11 in Axes
  8262 | D:10     | 8262 ||| READING scroll of enchant weapon.
  8262 | D:10     | 8262 ||| ENCHANTING +1 war axe of flaming.
  8574 | D:10     | 8574 ||| INVOKING Heroism.
  8610 | D:10     | Found a hide-covered altar of Uskayaw.
  8611 | D:10     | Noticed a +0 dagger
  8611 | D:10     | Noticed a +0 hand axe
  8645 | D:10     | Found a glowing golden altar of the Shining One.
  9149 | D:11     | Reached skill level 9 in Fighting
  9194 | D:11     | Noticed a two-headed ogre
  9195 | D:11     | 9195 ||| INVOKING Heroism.
  9197 | D:11     | Killed a two-headed ogre
  9198 | D:11     | Reached skill level 9 in Armour
  9304 | D:11     | 9304 ||| Stepping ~*~*~tactically~*~*~ (stealth).
  9307 | D:11     | 9307 ||| Stepping ~*~*~tactically~*~*~ (stealth).
  9308 | D:11     | 9308 ||| Stepping ~*~*~tactically~*~*~ (stealth).
  9311 | D:11     | 9311 ||| Stepping ~*~*~tactically~*~*~ (stealth).
  9318 | D:11     | Found a staircase to the Orcish Mines.
  9352 | D:11     | 9352 ||| INVOKING Heroism.
  9509 | D:11     | Noticed a manticore
  9510 | D:11     | 9510 ||| INVOKING Heroism.
  9511 | D:11     | Noticed a cyclops
  9512 | D:11     | Found a frozen archway.
  9520 | D:11     | Killed a manticore
  9521 | D:11     | Reached skill level 9 in Invocations
  9521 | D:11     | Reached XP level 12. HP: 74/76 MP: 16/18
  9781 | D:11     | 9781 ||| INVOKING Heroism.
  9926 | D:11     | 9926 ||| INVOKING Heroism.
  9942 | D:11     | Found a staircase to the Lair.
 10049 | D:11     | 10049 ||| PLANNING LAIR
 10049 | D:11     | 10049 ||| DROPPING ring of see invisible.
 10050 | D:11     | 10050 ||| READING scroll labelled TAL SER GOA.
 10051 | D:11     | 10051 ||| READING 8 scrolls of identify.
 10051 | D:11     | 10051 ||| IDENTIFYING dark potion
 10052 | D:11     | 10052 ||| READING 7 scrolls of identify.
 10052 | D:11     | 10052 ||| IDENTIFYING silvery potion
 10053 | D:11     | 10053 ||| DROPPING potion of ambrosia.
 10108 | Lair:1   | Entered Level 1 of the Lair of Beasts
 10109 | Lair:1   | 10109 ||| INVOKING Heroism.
 10112 | Lair:1   | Received a gift from Okawaru
 10149 | Lair:1   | 10149 ||| Stepping ~*~*~tactically~*~*~ (stealth).
 10207 | Lair:1   | 10207 ||| Stepping ~*~*~tactically~*~*~ (stealth).
 10213 | Lair:1   | 10213 ||| Stepping ~*~*~tactically~*~*~ (stealth).
 10346 | Lair:1   | 10346 ||| Stepping ~*~*~tactically~*~*~ (stealth).
 10348 | Lair:1   | 10348 ||| Stepping ~*~*~tactically~*~*~ (stealth).
 10349 | Lair:1   | 10349 ||| Stepping ~*~*~tactically~*~*~ (stealth).
 10353 | Lair:1   | 10353 ||| Stepping ~*~*~tactically~*~*~ (stealth).
 10354 | Lair:1   | 10354 ||| Stepping ~*~*~tactically~*~*~ (stealth).
 10356 | Lair:1   | 10356 ||| INVOKING Heroism.
 10373 | Lair:1   | Received a gift from Okawaru
 10380 | Lair:1   | Reached skill level 12 in Axes
 10464 | Lair:1   | 10464 ||| INVOKING Heroism.
 10465 | Lair:1   | 10465 ||| Stepping ~*~*~tactically~*~*~ (stealth).
 10471 | Lair:1   | Noticed a boulder beetle
 10472 | Lair:1   | 10472 ||| Stepping ~*~*~tactically~*~*~ (stealth).
 10473 | Lair:1   | 10473 ||| INVOKING Finesse.
 10480 | Lair:1   | Reached skill level 6 in Shields
 10490 | Lair:1   | 10490 ||| Stepping ~*~*~tactically~*~*~ (stealth).
 10540 | Lair:1   | 10540 ||| FLEEEEING.
 10541 | Lair:1   | 10541 ||| FLEEEEING.
 10565 | Lair:1   | 10565 ||| INVOKING Heroism.
 10566 | Lair:1   | 10566 ||| INVOKING Finesse.
 10624 | Lair:1   | 10624 ||| INVOKING Finesse.
 10649 | Lair:1   | 10649 ||| INVOKING Heroism.
 10667 | Lair:1   | 10667 ||| INVOKING Heroism.
 10694 | Lair:1   | Killed a boulder beetle
 10933 | Lair:1   | 10933 ||| INVOKING Heroism.
 10947 | Lair:1   | 10947 ||| READING 3 scrolls of enchant armour.
 10947 | Lair:1   | 10947 ||| ENCHANTING +1 pair of boots.
 10948 | Lair:1   | 10948 ||| READING 2 scrolls of enchant armour.
 10948 | Lair:1   | 10948 ||| ENCHANTING +0 cloak.
 10949 | Lair:1   | 10949 ||| READING scroll of enchant armour.
 10949 | Lair:1   | 10949 ||| ENCHANTING +1 cloak.
 11274 | Lair:1   | 11274 ||| READING 6 scrolls of identify.
 11274 | Lair:1   | 11274 ||| IDENTIFYING amethyst potion
 11275 | Lair:1   | 11275 ||| DROPPING potion of brilliance.
 11299 | Lair:2   | Found a staircase to the Snake Pit.
 11300 | Lair:2   | Noticed Erica
 11301 | Lair:2   | 11301 ||| INVOKING Heroism.
 11306 | Lair:2   | 11306 ||| DRINKING 5 potions of curing.
 11306 | Lair:2   | 11306 ||| (to cure confusion)
 11335 | Lair:2   | Killed Erica
 11387 | Lair:2   | 11387 ||| Stepping ~*~*~tactically~*~*~ (stealth).
 11396 | Lair:2   | 11396 ||| Stepping ~*~*~tactically~*~*~ (stealth).
 11440 | Lair:2   | 11440 ||| Stepping ~*~*~tactically~*~*~ (stealth).
 11443 | Lair:2   | 11443 ||| Stepping ~*~*~tactically~*~*~ (stealth).
 11462 | Lair:2   | Received a gift from Okawaru
 11527 | Lair:2   | 11527 ||| FLEEEEING.
 11528 | Lair:2   | 11528 ||| FLEEEEING.
 11529 | Lair:2   | 11529 ||| FLEEEEING.
 11530 | Lair:2   | 11530 ||| FLEEEEING.
 11531 | Lair:2   | 11531 ||| FLEEEEING.
 11532 | Lair:2   | 11532 ||| FLEEEEING.
 11533 | Lair:2   | 11533 ||| FLEEEEING.
 11821 | Lair:2   | Reached XP level 13. HP: 80/82 MP: 20/20
 11845 | Lair:2   | 11845 ||| INVOKING Heroism.
 12157 | Lair:2   | 12157 ||| INVOKING Heroism.
 12166 | Lair:2   | Reached skill level 13 in Axes
 12568 | Lair:3   | Found a shimmering altar of Xom.
 12569 | Lair:3   | 12569 ||| Stepping ~*~*~tactically~*~*~ (hiding).
 12642 | Lair:3   | 12642 ||| INVOKING Heroism.
 12813 | Lair:3   | Found a staircase to the Swamp.
 12856 | Lair:3   | 12856 ||| READING scroll of enchant armour.
 12856 | Lair:3   | 12856 ||| ENCHANTING +0 plate armour.
 12886 | Lair:3   | 12886 ||| READING scroll of enchant weapon.
 12886 | Lair:3   | 12886 ||| ENCHANTING +2 war axe of flaming.
 12912 | Lair:3   | Noticed Kirke
 12913 | Lair:3   | 12913 ||| Stepping ~*~*~tactically~*~*~ (stealth).
 12915 | Lair:3   | 12915 ||| Stepping ~*~*~tactically~*~*~ (stealth).
 12918 | Lair:3   | 12918 ||| Stepping ~*~*~tactically~*~*~ (stealth).
 12929 | Lair:3   | 12929 ||| INVOKING Heroism.
 12963 | Lair:3   | Killed Kirke
 13066 | Lair:3   | 13066 ||| Stepping ~*~*~tactically~*~*~ (stealth).
 13068 | Lair:3   | 13068 ||| INVOKING Heroism.
 13213 | Lair:3   | 13213 ||| READING scroll of enchant weapon.
 13213 | Lair:3   | 13213 ||| ENCHANTING +3 war axe of flaming.
 13488 | Lair:4   | 13488 ||| INVOKING Heroism.
 13517 | Lair:4   | Reached skill level 14 in Axes
 13521 | Lair:4   | Received a gift from Okawaru
 13757 | Lair:4   | 13757 ||| FLEEEEING.
 13758 | Lair:4   | 13758 ||| FLEEEEING.
 13759 | Lair:4   | 13759 ||| FLEEEEING.
 13760 | Lair:4   | 13760 ||| FLEEEEING.
 13761 | Lair:4   | 13761 ||| FLEEEEING.
 13762 | Lair:4   | 13762 ||| FLEEEEING.
 13763 | Lair:4   | 13763 ||| FLEEEEING.
 13764 | Lair:4   | 13764 ||| FLEEEEING.
 13765 | Lair:4   | 13765 ||| FLEEEEING.
 13766 | Lair:4   | 13766 ||| FLEEEEING.
 13767 | Lair:4   | 13767 ||| FLEEEEING.
 13768 | Lair:4   | 13768 ||| FLEEEEING.
 14127 | Lair:5   | Entered Level 5 of the Lair of Beasts
 14128 | Lair:5   | 14128 ||| INVOKING Heroism.
 14139 | Lair:5   | 14139 ||| STAIRDANCE
 14277 | Lair:5   | 14277 ||| INVOKING Heroism.
 14283 | Lair:5   | Received a gift from Okawaru
 14336 | Lair:5   | 14336 ||| INVOKING Heroism.
 14362 | Lair:5   | Received a gift from Okawaru
 14383 | Lair:5   | 14383 ||| INVOKING Heroism.
 14527 | Lair:5   | 14527 ||| Stepping ~*~*~tactically~*~*~ (stealth).
 14528 | Lair:5   | 14528 ||| Stepping ~*~*~tactically~*~*~ (stealth).
 14529 | Lair:5   | 14529 ||| Stepping ~*~*~tactically~*~*~ (stealth).
 14530 | Lair:5   | 14530 ||| INVOKING Heroism.
 14534 | Lair:5   | 14534 ||| INVOKING Finesse.
 14549 | Lair:5   | Gained mutation: Your large and strong wings let you fly.
                  | [Gargoyle growth]
 14549 | Lair:5   | Reached XP level 14. HP: 90/90 MP: 15/21
 14630 | Lair:5   | 14630 ||| Stepping ~*~*~tactically~*~*~ (stealth).
 14631 | Lair:5   | 14631 ||| Stepping ~*~*~tactically~*~*~ (stealth).
 14641 | Lair:5   | 14641 ||| INVOKING Heroism.
 14646 | Lair:5   | 14646 ||| Stepping ~*~*~tactically~*~*~ (stealth).
 14647 | Lair:5   | 14647 ||| Stepping ~*~*~tactically~*~*~ (stealth).
 14655 | Lair:5   | 14655 ||| Stepping ~*~*~tactically~*~*~ (stealth).
 14660 | Lair:5   | Received a gift from Okawaru
 14768 | Lair:5   | 14768 ||| Stepping ~*~*~tactically~*~*~ (hiding).
 14770 | Lair:5   | 14770 ||| Stepping ~*~*~tactically~*~*~ (hiding).
 14771 | Lair:5   | 14771 ||| Stepping ~*~*~tactically~*~*~ (hiding).
 14775 | Lair:5   | 14775 ||| INVOKING Heroism.
 14854 | Lair:5   | Found a staircase to the Slime Pits.
 14862 | Lair:5   | 14862 ||| Stepping ~*~*~tactically~*~*~ (stealth).
 14908 | Lair:5   | 14908 ||| Stepping ~*~*~tactically~*~*~ (cloud).
 14909 | Lair:5   | 14909 ||| FLEEEEING.
 14910 | Lair:5   | 14910 ||| FLEEEEING.
 14911 | Lair:5   | 14911 ||| Stepping ~*~*~tactically~*~*~ (cloud).
 14912 | Lair:5   | 14912 ||| FLEEEEING.
 14914 | Lair:5   | 14914 ||| FLEEEEING.
 14915 | Lair:5   | 14915 ||| FLEEEEING.
 14916 | Lair:5   | 14916 ||| FLEEEEING.
 14921 | Lair:5   | 14921 ||| FLEEEEING.
 14922 | Lair:5   | 14922 ||| FLEEEEING.
 14923 | Lair:5   | 14923 ||| FLEEEEING.
 14924 | Lair:5   | 14924 ||| FLEEEEING.
 14925 | Lair:5   | 14925 ||| FLEEEEING.
 14989 | Lair:5   | 14989 ||| Stepping ~*~*~tactically~*~*~ (stealth).
 14994 | Lair:5   | Reached skill level 6 in Throwing
 15148 | Lair:5   | 15148 ||| Stepping ~*~*~tactically~*~*~ (stealth).
 15162 | Lair:5   | 15162 ||| FLEEEEING.
 15164 | Lair:5   | 15164 ||| STAIRDANCE
 15339 | Lair:5   | 15339 ||| Stepping ~*~*~tactically~*~*~ (stealth).
 15351 | Lair:5   | Received a gift from Okawaru
 15380 | Lair:5   | 15380 ||| Stepping ~*~*~tactically~*~*~ (stealth).
 15382 | Lair:5   | 15382 ||| Stepping ~*~*~tactically~*~*~ (hiding).
 15383 | Lair:5   | 15383 ||| INVOKING Heroism.
 15384 | Lair:5   | 15384 ||| INVOKING Finesse.
 15398 | Lair:5   | Reached skill level 15 in Axes
 15585 | Lair:5   | 15585 ||| Stepping ~*~*~tactically~*~*~ (hiding).
 15690 | Lair:5   | 15690 ||| PLANNING D
 15690 | Lair:5   | 15690 ||| UPGRADING to +3 plate armour of poison
                  | resistance.
 15700 | Lair:5   | 15700 ||| DROPPING +1 plate armour.
 15701 | Lair:5   | 15701 ||| DROPPING +6 ring of intelligence.
 16063 | D:12     | 16063 ||| Stepping ~*~*~tactically~*~*~ (stealth).
 16064 | D:12     | 16064 ||| Stepping ~*~*~tactically~*~*~ (stealth).
 16066 | D:12     | 16066 ||| Stepping ~*~*~tactically~*~*~ (stealth).
 16319 | D:12     | 16319 ||| INVOKING Heroism.
 16382 | D:12     | Received a gift from Okawaru
 16503 | D:12     | 16503 ||| Stepping ~*~*~tactically~*~*~ (stealth).
 16512 | D:12     | Reached skill level 12 in Fighting
 16833 | D:13     | Found a gate to the Vaults.
 16834 | D:13     | 16834 ||| Stepping ~*~*~tactically~*~*~ (stealth).
 16843 | D:13     | 16843 ||| Stepping ~*~*~tactically~*~*~ (hiding).
 16860 | D:13     | 16860 ||| INVOKING Heroism.
 16869 | D:13     | Received a gift from Okawaru
 16873 | D:13     | Reached skill level 12 in Armour
 16874 | D:13     | 16874 ||| Stepping ~*~*~tactically~*~*~ (hiding).
 16875 | D:13     | 16875 ||| Stepping ~*~*~tactically~*~*~ (hiding).
 16889 | D:13     | 16889 ||| Stepping ~*~*~tactically~*~*~ (stealth).
 17025 | D:13     | Received a gift from Okawaru
 17049 | D:13     | 17049 ||| FLEEEEING.
 17050 | D:13     | 17050 ||| FLEEEEING.
 17051 | D:13     | 17051 ||| FLEEEEING.
 17121 | D:13     | Received a gift from Okawaru
 17123 | D:13     | 17123 ||| SWAPPING to +1 antimagic broad axe.
 17142 | D:13     | 17142 ||| Stepping ~*~*~tactically~*~*~ (hiding).
 17170 | D:13     | 17170 ||| Stepping ~*~*~tactically~*~*~ (hiding).
 17171 | D:13     | 17171 ||| Stepping ~*~*~tactically~*~*~ (hiding).
 17270 | D:13     | 17270 ||| INVOKING Heroism.
 17271 | D:13     | 17271 ||| SWAPPING to +4 war axe of flaming.
 17277 | D:13     | 17277 ||| SWAPPING to +1 antimagic broad axe.
 17423 | D:13     | Found a blossoming altar of Fedhas.
 17711 | D:13     | 17711 ||| Stepping ~*~*~tactically~*~*~ (hiding).
 17712 | D:13     | 17712 ||| Stepping ~*~*~tactically~*~*~ (hiding).
 17832 | D:13     | 17832 ||| Stepping ~*~*~tactically~*~*~ (stealth).
 17833 | D:13     | 17833 ||| Stepping ~*~*~tactically~*~*~ (stealth).
 18002 | D:13     | 18002 ||| INVOKING Heroism.
 18004 | D:13     | 18004 ||| INVOKING Finesse.
 18019 | D:13     | Reached XP level 15. HP: 96/96 MP: 0/22
 18116 | D:13     | Received a gift from Okawaru
 18176 | D:13     | Reached skill level 16 in Axes
 18215 | D:13     | Identified the -2 pair of boots "Zoewn" {rElec rF+}
 18864 | D:13     | 18864 ||| DROPPING amulet of magic regeneration.
 18865 | D:13     | 18865 ||| READING scroll labelled XIUJOUM GIOJI.
 18986 | D:14     | 18986 ||| FLEEEEING.
 18987 | D:14     | 18987 ||| FLEEEEING.
 18991 | D:14     | 18991 ||| FLEEEEING.
 18992 | D:14     | 18992 ||| FLEEEEING.
 19276 | D:14     | Received a gift from Okawaru
 19414 | D:14     | Found a broken altar of Ashenzari.
 19493 | D:14     | 19493 ||| INVOKING Heroism.
 19494 | D:14     | 19494 ||| INVOKING Finesse.
 19497 | D:14     | 19497 ||| SWAPPING to +4 war axe of flaming.
 19501 | D:14     | 19501 ||| SWAPPING to +1 antimagic broad axe.
 19748 | D:14     | 19748 ||| DROPPING ring of positive energy.
 19749 | D:14     | 19749 ||| READING 13 scrolls of identify.
 19749 | D:14     | 19749 ||| IDENTIFYING sedimented golden potion
 19750 | D:14     | 19750 ||| DRINKING potion of experience.
 19750 | D:14     | Reached XP level 16. HP: 101/101 MP: 7/23
 19796 | D:15     | Entered Level 15 of the Dungeon
 19797 | D:15     | 19797 ||| PLANNING GAUNTLET
 19896 | D:15     | 19896 ||| Stepping ~*~*~tactically~*~*~ (hiding).
 19898 | D:15     | 19898 ||| INVOKING Heroism.
 19902 | D:15     | Noticed Rupert
 19903 | D:15     | 19903 ||| INVOKING Finesse.
 19907 | D:15     | HP: 19/101 [two-headed ogre/+0 giant club (16)]
 19907 | D:15     | HP: 6/101 [two-headed ogre/+0 giant spiked club (13)]
 19908 | D:15     | 19908 ||| READING 13 scrolls of teleportation.
 19909 | D:15     | 19909 ||| DRINKING 8 potions of heal wounds.
 19910 | D:15     | 19910 ||| DRINKING 7 potions of heal wounds.
 19913 | D:15     | Received a gift from Okawaru
 20207 | D:15     | 20207 ||| RIP GAUNTLET
 20259 | D:15     | 20259 ||| PLANNING D
 20259 | D:15     | 20259 ||| INVOKING Heroism.
 20260 | D:15     | 20260 ||| INVOKING Finesse.
 20267 | D:15     | Killed Rupert
 20303 | D:15     | Reached skill level 3 in Dodging
 20390 | D:15     | 20390 ||| Stepping ~*~*~tactically~*~*~ (stealth).
 20391 | D:15     | 20391 ||| Stepping ~*~*~tactically~*~*~ (stealth).
 20524 | D:15     | 20524 ||| INVOKING Heroism.
 20659 | D:15     | Found a staircase to the Depths.
 20660 | D:15     | 20660 ||| INVOKING Heroism.
 20673 | D:15     | Received a gift from Okawaru
 20682 | D:15     | Noticed a sphinx
 20688 | D:15     | 20688 ||| INVOKING Heroism.
 20700 | D:15     | HP: 22/101 [sphinx/divine providence (11)]
 20701 | D:15     | 20701 ||| READING 15 scrolls of teleportation.
 20702 | D:15     | 20702 ||| DRINKING 6 potions of heal wounds.
 20703 | D:15     | Killed a sphinx
 20985 | D:15     | Noticed a storm dragon
 20986 | D:15     | 20986 ||| INVOKING Heroism.
 20997 | D:15     | Killed a storm dragon
 20998 | D:15     | Reached skill level 17 in Axes
 21148 | D:15     | Identified the -1 pair of gloves of Coveufen {rCorr Dex+4}
 21155 | D:15     | 21155 ||| PLANNING ORC
 21296 | Orc:1    | Entered Level 1 of the Orcish Mines
 21391 | Orc:1    | 21391 ||| Stepping ~*~*~tactically~*~*~ (hiding).
 21616 | Orc:2    | Entered Level 2 of the Orcish Mines
 21711 | Orc:2    | Noticed Maurice
 21728 | Orc:2    | Killed Maurice
 21729 | Orc:2    | 21729 ||| Stepping ~*~*~tactically~*~*~ (hiding).
 21799 | Orc:2    | 21799 ||| Stepping ~*~*~tactically~*~*~ (hiding).
 21803 | Orc:2    | 21803 ||| Stepping ~*~*~tactically~*~*~ (hiding).
 21999 | Orc:2    | Noticed Urug
 22000 | Orc:2    | 22000 ||| INVOKING Heroism.
 22001 | Orc:2    | 22001 ||| INVOKING Finesse.
 22002 | Orc:2    | 22002 ||| Stepping ~*~*~tactically~*~*~ (hiding).
 22003 | Orc:2    | 22003 ||| Stepping ~*~*~tactically~*~*~ (hiding).
 22015 | Orc:2    | Killed Urug
 22015 | Orc:2    | Received a gift from Okawaru
 22076 | Orc:2    | Found a staircase to the Elven Halls.
 22084 | Orc:2    | 22084 ||| DROPPING 19 boomerangs.
 22085 | Orc:2    | 22085 ||| DROPPING silver boomerang.
 22094 | Orc:1    | Noticed Snorg
 22097 | Orc:1    | 22097 ||| INVOKING Heroism.
 22106 | Orc:1    | Killed Snorg
 22129 | Orc:1    | HP: 16/103 [orc priest/divine providence (10)]
 22130 | Orc:1    | 22130 ||| READING 14 scrolls of teleportation.
 22131 | Orc:1    | 22131 ||| DRINKING 5 potions of heal wounds.
 22586 | Orc:2    | 22586 ||| FLEEEEING.
 22588 | Orc:2    | 22588 ||| FLEEEEING.
 22589 | Orc:2    | 22589 ||| FLEEEEING.
 22590 | Orc:2    | 22590 ||| FLEEEEING.
 22591 | Orc:2    | 22591 ||| FLEEEEING.
 22591 | Orc:2    | Gained mutation: You occasionally lose the ability to read
                  | scrolls when taking damage. [a neqoxec]
 22592 | Orc:2    | 22592 ||| FLEEEEING.
 22593 | Orc:2    | 22593 ||| FLEEEEING.
 22594 | Orc:2    | 22594 ||| FLEEEEING.
 22595 | Orc:2    | 22595 ||| FLEEEEING.
 22596 | Orc:2    | 22596 ||| FLEEEEING.
 22597 | Orc:2    | 22597 ||| FLEEEEING.
 22598 | Orc:2    | 22598 ||| FLEEEEING.
 22602 | Orc:2    | 22602 ||| FLEEEEING.
 22605 | Orc:2    | 22605 ||| FLEEEEING.
 22606 | Orc:2    | 22606 ||| FLEEEEING.
 22607 | Orc:2    | 22607 ||| FLEEEEING.
 22608 | Orc:2    | 22608 ||| FLEEEEING.
 22609 | Orc:2    | 22609 ||| STAIRDANCE
 22609 | Orc:2    | Gained mutation: Potions are less effective at restoring
                  | your health. [a neqoxec]
 22631 | Orc:1    | 22631 ||| DRINKING 3 potions of mutation.
 22631 | Orc:1    | Lost mutation: You occasionally lose the ability to read
                  | scrolls when taking damage. [potion of mutation]
 22631 | Orc:1    | Lost mutation: Your spells are a little harder to cast, but
                  | a little more powerful. [potion of mutation]
 22631 | Orc:1    | Gained mutation: You are somewhat resistant to further
                  | mutation. [potion of mutation]
 22632 | Orc:1    | 22632 ||| DRINKING 2 potions of mutation.
 22632 | Orc:1    | Lost mutation: You are somewhat resistant to further
                  | mutation. [potion of mutation]
 22632 | Orc:1    | Lost mutation: Potions are less effective at restoring your
                  | health. [potion of mutation]
 22632 | Orc:1    | Lost mutation: Your body sometimes deteriorates upon taking
                  | damage. [potion of mutation]
 22632 | Orc:1    | Gained mutation: Your magical capacity is low. (-10% MP)
                  | [potion of mutation]
 22632 | Orc:1    | Gained mutation: Your natural rate of healing is unusually
                  | fast. [potion of mutation]
 22632 | Orc:1    | Gained mutation: You have a somewhat thin skeletal
                  | structure. (Dex +2, Stealth+) [potion of mutation]
 22632 | Orc:1    | Gained mutation: Your mind is acute. (Int +4, Str/Dex -1)
                  | [potion of mutation]
 22699 | Orc:1    | 22699 ||| Stepping ~*~*~tactically~*~*~ (hiding).
 22700 | Orc:1    | 22700 ||| INVOKING Heroism.
 22793 | Orc:2    | 22793 ||| INVOKING Heroism.
 22831 | Orc:2    | 22831 ||| READING 13 scrolls of teleportation.
 22913 | Orc:2    | 22913 ||| Stepping ~*~*~tactically~*~*~ (hiding).
 22914 | Orc:2    | 22914 ||| INVOKING Heroism.
 22946 | Orc:2    | 22946 ||| Stepping ~*~*~tactically~*~*~ (stealth).
 22948 | Orc:2    | 22948 ||| Stepping ~*~*~tactically~*~*~ (hiding).
 22984 | Orc:2    | 22984 ||| INVOKING Heroism.
 22988 | Orc:2    | 22988 ||| Stepping ~*~*~tactically~*~*~ (stealth).
 23012 | Orc:2    | 23012 ||| Stepping ~*~*~tactically~*~*~ (stealth).
 23044 | Orc:2    | 23044 ||| Stepping ~*~*~tactically~*~*~ (hiding).
 23048 | Orc:2    | 23048 ||| INVOKING Heroism.
 23063 | Orc:2    | Paralysed by an orc sorcerer for 4 turns
 23133 | Orc:2    | Found Roetipso's Jewellery Emporium.
 23133 | Orc:2    | Found Jobyje's Antique Weapon Emporium.
 23135 | Orc:2    | 23135 ||| DROPPING +4 war axe of flaming.
 23136 | Orc:2    | Found Ymyphocy's Assorted Antiques.
 23136 | Orc:2    | Found Punadep's Magic Scroll Shop.
 23148 | Orc:2    | 23148 ||| BUYING ring of protection from cold (325 gold).
 23148 | Orc:2    | Bought a ring of protection from cold for 325 gold pieces
 23148 | Orc:2    | 23148 ||| BUYING ring of protection from cold (325 gold).
 23148 | Orc:2    | Bought a ring of protection from cold for 325 gold pieces
 23158 | Orc:2    | 23158 ||| BUYING scroll of teleportation (42 gold).
 23158 | Orc:2    | Bought a scroll of teleportation for 42 gold pieces
 23279 | Orc:2    | Found a radiant altar of Vehumet.
 23281 | Orc:2    | 23281 ||| INVOKING Heroism.
 23345 | Orc:2    | 23345 ||| PLANNING SNAKE:1-3
 23345 | Orc:2    | 23345 ||| DROPPING ring of ice.
 23568 | Snake:1  | Entered Level 1 of the Snake Pit
 23568 | Snake:1  | Found Eniynunu's Assorted Antiques.
 23579 | Snake:1  | 23579 ||| BUYING scroll of enchant armour (270 gold).
 23579 | Snake:1  | Bought a scroll of enchant armour for 270 gold pieces
 23579 | Snake:1  | 23579 ||| BUYING scroll of teleportation (108 gold).
 23579 | Snake:1  | Bought a scroll of teleportation for 108 gold pieces
 23579 | Snake:1  | 23579 ||| BUYING scroll of teleportation (108 gold).
 23579 | Snake:1  | Bought a scroll of teleportation for 108 gold pieces
 23605 | Snake:1  | 23605 ||| READING scroll of enchant armour.
 23605 | Snake:1  | 23605 ||| ENCHANTING +3 plate armour of poison resistance.
 23644 | Snake:1  | 23644 ||| READING 3 scrolls of enchant weapon.
 23644 | Snake:1  | 23644 ||| ENCHANTING +1 antimagic broad axe.
 23645 | Snake:1  | 23645 ||| READING 2 scrolls of enchant weapon.
 23645 | Snake:1  | 23645 ||| ENCHANTING +2 antimagic broad axe.
 23646 | Snake:1  | 23646 ||| READING scroll of enchant weapon.
 23646 | Snake:1  | 23646 ||| ENCHANTING +3 antimagic broad axe.
 23727 | Snake:1  | 23727 ||| Stepping ~*~*~tactically~*~*~ (hiding).
 23729 | Snake:1  | 23729 ||| Stepping ~*~*~tactically~*~*~ (hiding).
 23773 | Snake:1  | 23773 ||| Stepping ~*~*~tactically~*~*~ (hiding).
 23776 | Snake:1  | Noticed Azrael
 23777 | Snake:1  | 23777 ||| INVOKING Heroism.
 23793 | Snake:1  | Killed Azrael
 23797 | Snake:1  | 23797 ||| Stepping ~*~*~tactically~*~*~ (hiding).
 23798 | Snake:1  | 23798 ||| Stepping ~*~*~tactically~*~*~ (hiding).
 24018 | Snake:1  | 24018 ||| Stepping ~*~*~tactically~*~*~ (hiding).
 24097 | Snake:1  | 24097 ||| Stepping ~*~*~tactically~*~*~ (hiding).
 24098 | Snake:1  | 24098 ||| INVOKING Heroism.
 24313 | Snake:2  | 24313 ||| Stepping ~*~*~tactically~*~*~ (stealth).
 24323 | Snake:2  | 24323 ||| Stepping ~*~*~tactically~*~*~ (hiding).
 24405 | Snake:2  | 24405 ||| FLEEEEING.
 24407 | Snake:2  | 24407 ||| FLEEEEING.
 24408 | Snake:2  | 24408 ||| FLEEEEING.
 24409 | Snake:2  | 24409 ||| FLEEEEING.
 24410 | Snake:2  | 24410 ||| FLEEEEING.
 24411 | Snake:2  | 24411 ||| FLEEEEING.
 24412 | Snake:2  | 24412 ||| FLEEEEING.
 24413 | Snake:2  | 24413 ||| FLEEEEING.
 24414 | Snake:2  | 24414 ||| FLEEEEING.
 24415 | Snake:2  | 24415 ||| FLEEEEING.
 24416 | Snake:2  | 24416 ||| FLEEEEING.
 24417 | Snake:2  | 24417 ||| FLEEEEING.
 24418 | Snake:2  | 24418 ||| FLEEEEING.
 24419 | Snake:2  | 24419 ||| FLEEEEING.
 24422 | Snake:2  | 24422 ||| Stepping ~*~*~tactically~*~*~ (stealth).
 24423 | Snake:2  | 24423 ||| Stepping ~*~*~tactically~*~*~ (hiding).
 24424 | Snake:2  | 24424 ||| INVOKING Heroism.
 24431 | Snake:2  | Received a gift from Okawaru
 24432 | Snake:2  | Reached XP level 17. HP: 108/108 MP: 5/22
 24571 | Snake:2  | 24571 ||| Stepping ~*~*~tactically~*~*~ (hiding).
 24590 | Snake:2  | 24590 ||| READING scroll of enchant weapon.
 24590 | Snake:2  | 24590 ||| ENCHANTING +4 antimagic broad axe.
 24642 | Snake:2  | 24642 ||| Stepping ~*~*~tactically~*~*~ (hiding).
 24643 | Snake:2  | 24643 ||| Stepping ~*~*~tactically~*~*~ (hiding).
 24645 | Snake:2  | 24645 ||| INVOKING Heroism.
 24672 | Snake:2  | 24672 ||| Stepping ~*~*~tactically~*~*~ (hiding).
 24675 | Snake:2  | 24675 ||| Stepping ~*~*~tactically~*~*~ (hiding).
 24678 | Snake:2  | 24678 ||| Stepping ~*~*~tactically~*~*~ (hiding).
 24723 | Snake:2  | 24723 ||| Stepping ~*~*~tactically~*~*~ (hiding).
 24837 | Snake:2  | 24837 ||| Stepping ~*~*~tactically~*~*~ (stealth).
 24846 | Snake:2  | 24846 ||| Stepping ~*~*~tactically~*~*~ (hiding).
 24856 | Snake:2  | Received a gift from Okawaru
 24857 | Snake:2  | Reached skill level 18 in Axes
 24866 | Snake:2  | 24866 ||| Stepping ~*~*~tactically~*~*~ (stealth).
 24913 | Snake:2  | Received a gift from Okawaru
 24914 | Snake:2  | Reached skill level 9 in Shields
 25067 | Snake:2  | 25067 ||| Stepping ~*~*~tactically~*~*~ (hiding).
 25069 | Snake:2  | 25069 ||| INVOKING Heroism.
 25078 | Snake:2  | 25078 ||| Stepping ~*~*~tactically~*~*~ (stealth).
 25141 | Snake:2  | 25141 ||| Stepping ~*~*~tactically~*~*~ (stealth).
 25539 | Snake:2  | Found Niohyxi's Assorted Antiques.
 25543 | Snake:2  | 25543 ||| BUYING scroll of enchant armour (142 gold).
 25543 | Snake:2  | Bought a scroll of enchant armour for 142 gold pieces
 25543 | Snake:2  | 25543 ||| BUYING scroll of enchant armour (142 gold).
 25543 | Snake:2  | Bought a scroll of enchant armour for 142 gold pieces
 25543 | Snake:2  | 25543 ||| READING 2 scrolls of enchant armour.
 25543 | Snake:2  | 25543 ||| ENCHANTING +4 plate armour of poison resistance.
 25544 | Snake:2  | 25544 ||| READING scroll of enchant armour.
 25544 | Snake:2  | 25544 ||| ENCHANTING +5 plate armour of poison resistance.
 25896 | Snake:2  | 25896 ||| READING scroll labelled VOAGRU FI QEN.
 25997 | Snake:2  | 25997 ||| READING scroll labelled CILARE GERUEWUTHE.
 26107 | Snake:3  | 26107 ||| INVOKING Heroism.
 26239 | Snake:3  | 26239 ||| Stepping ~*~*~tactically~*~*~ (hiding).
 26241 | Snake:3  | 26241 ||| Stepping ~*~*~tactically~*~*~ (hiding).
 26389 | Snake:3  | 26389 ||| INVOKING Heroism.
 26506 | Snake:3  | 26506 ||| Stepping ~*~*~tactically~*~*~ (hiding).
 26508 | Snake:3  | 26508 ||| Stepping ~*~*~tactically~*~*~ (hiding).
 26530 | Abyss:2  | Cast into level 2 of the Abyss (salamander mystic)
 26593 | Abyss:2  | 26593 ||| Stepping ~*~*~tactically~*~*~ (hiding).
 26627 | Abyss:2  | 26627 ||| Stepping ~*~*~tactically~*~*~ (stealth).
 26640 | Abyss:2  | 26640 ||| INVOKING Heroism.
 26676 | Abyss:2  | 26676 ||| Stepping ~*~*~tactically~*~*~ (stealth).
 26687 | Abyss:2  | 26687 ||| Stepping ~*~*~tactically~*~*~ (stealth).
 26689 | Abyss:2  | 26689 ||| Stepping ~*~*~tactically~*~*~ (stealth).
 26698 | Abyss:2  | 26698 ||| Stepping ~*~*~tactically~*~*~ (stealth).
 26701 | Abyss:2  | Found a corrupted altar of Lugonu.
 26726 | Abyss:2  | 26726 ||| Stepping ~*~*~tactically~*~*~ (stealth).
 26728 | Abyss:2  | 26728 ||| Stepping ~*~*~tactically~*~*~ (stealth).
 26744 | Abyss:2  | 26744 ||| Stepping ~*~*~tactically~*~*~ (hiding).
 26748 | Abyss:2  | 26748 ||| Stepping ~*~*~tactically~*~*~ (hiding).
 26766 | Abyss:2  | 26766 ||| Stepping ~*~*~tactically~*~*~ (stealth).
 26767 | Abyss:2  | 26767 ||| Stepping ~*~*~tactically~*~*~ (stealth).
 26772 | Abyss:2  | 26772 ||| DRINKING 12 potions of curing.
 26772 | Abyss:2  | 26772 ||| (to cure confusion)
 26775 | Abyss:2  | 26775 ||| Stepping ~*~*~tactically~*~*~ (hiding).
 26777 | Abyss:2  | 26777 ||| Stepping ~*~*~tactically~*~*~ (hiding).
 26803 | Abyss:2  | Noticed a lich
 26804 | Abyss:2  | 26804 ||| Stepping ~*~*~tactically~*~*~ (stealth).
 26817 | Abyss:2  | Received a gift from Okawaru
 26831 | Abyss:2  | 26831 ||| Stepping ~*~*~tactically~*~*~ (stealth).
 26832 | Abyss:2  | 26832 ||| INVOKING Heroism.
 26833 | Abyss:2  | 26833 ||| INVOKING Finesse.
 26842 | Abyss:2  | Killed a lich
 26848 | Abyss:2  | 26848 ||| Stepping ~*~*~tactically~*~*~ (hiding).
 26849 | Abyss:2  | 26849 ||| Stepping ~*~*~tactically~*~*~ (hiding).
 26867 | Abyss:2  | 26867 ||| Stepping ~*~*~tactically~*~*~ (hiding).
 26871 | Abyss:2  | 26871 ||| Stepping ~*~*~tactically~*~*~ (hiding).
 26878 | Abyss:2  | Gained mutation: You occasionally lose the ability to read
                  | scrolls when taking damage. [a neqoxec]
 26905 | Abyss:2  | Reached skill level 15 in Fighting
 26918 | Abyss:2  | 26918 ||| DRINKING potion of mutation.
 26918 | Abyss:2  | Lost mutation: Your magical capacity is low. (-10% MP)
                  | [potion of mutation]
 26918 | Abyss:2  | Lost mutation: Your natural rate of healing is unusually
                  | fast. [potion of mutation]
 26918 | Abyss:2  | Lost mutation: Your mind is acute. (Int +4, Str/Dex -1)
                  | [potion of mutation]
 26918 | Abyss:2  | Gained mutation: You are partially covered in iridescent
                  | scales. (AC +2) [potion of mutation]
 26944 | Abyss:2  | 26944 ||| Stepping ~*~*~tactically~*~*~ (stealth).
 26951 | Abyss:2  | 26951 ||| Stepping ~*~*~tactically~*~*~ (stealth).
 26954 | Abyss:2  | 26954 ||| Stepping ~*~*~tactically~*~*~ (stealth).
 26956 | Abyss:2  | 26956 ||| Stepping ~*~*~tactically~*~*~ (stealth).
 26957 | Abyss:2  | 26957 ||| Stepping ~*~*~tactically~*~*~ (stealth).
 26966 | Abyss:2  | 26966 ||| Stepping ~*~*~tactically~*~*~ (stealth).
 26972 | Abyss:2  | 26972 ||| Stepping ~*~*~tactically~*~*~ (stealth).
 26978 | Abyss:2  | 26978 ||| Stepping ~*~*~tactically~*~*~ (hiding).
 26998 | Snake:3  | Escaped the Abyss
 27007 | Snake:3  | 27007 ||| INVOKING Heroism.
 27165 | Snake:3  | Noticed Agnes
 27166 | Snake:3  | 27166 ||| INVOKING Heroism.
 27167 | Snake:3  | 27167 ||| INVOKING Finesse.
 27179 | Snake:3  | Killed Agnes
 27241 | Snake:3  | 27241 ||| DRINKING potion of mutation.
 27241 | Snake:3  | Lost mutation: You occasionally lose the ability to read
                  | scrolls when taking damage. [potion of mutation]
 27241 | Snake:3  | Lost mutation: You are partially covered in iridescent
                  | scales. (AC +2) [potion of mutation]
 27241 | Snake:3  | Lost mutation: You have a somewhat thin skeletal structure.
                  | (Dex +2, Stealth+) [potion of mutation]
 27241 | Snake:3  | Gained mutation: You are robust. (+10% HP) [potion of
                  | mutation]
 27241 | Snake:3  | Gained mutation: You have a pair of small antennae on your
                  | head. [potion of mutation]
 27241 | Snake:3  | Gained mutation: You have supernaturally acute eyesight.
                  | (SInv) [potion of mutation]
 27460 | Snake:3  | 27460 ||| PLANNING SWAMP:1-3
 27460 | Snake:3  | 27460 ||| DROPPING +2 helmet of Riceclat {rPois}.
 27461 | Snake:3  | 27461 ||| READING 14 scrolls of identify.
 27461 | Snake:3  | 27461 ||| IDENTIFYING puce potion
 27566 | Swamp:1  | Entered Level 1 of the Swamp
 27567 | Swamp:1  | 27567 ||| INVOKING Heroism.
 27581 | Swamp:1  | Received a gift from Okawaru
 27736 | Swamp:1  | Noticed Aizul
 27738 | Swamp:1  | 27738 ||| INVOKING Heroism.
 27739 | Swamp:1  | 27739 ||| INVOKING Finesse.
 27752 | Swamp:1  | Killed Aizul
 27755 | Swamp:1  | 27755 ||| Stepping ~*~*~tactically~*~*~ (stealth).
 27775 | Swamp:1  | 27775 ||| Stepping ~*~*~tactically~*~*~ (stealth).
 27823 | Swamp:1  | 27823 ||| INVOKING Heroism.
 27852 | Swamp:1  | Noticed Josephine
 27853 | Swamp:1  | Reached XP level 18. HP: 80/130 MP: 8/25
 27854 | Swamp:1  | Received a gift from Okawaru
 27865 | Swamp:1  | Killed Josephine
 27877 | Swamp:1  | Identified the +0 plate armour of Fashionability {Rampage
                  | Stlth+} (Okawaru gifted it to you on level 1 of the Swamp)
 27877 | Swamp:1  | Received a gift from Okawaru
 27894 | Swamp:1  | 27894 ||| INVOKING Heroism.
 28078 | Swamp:1  | 28078 ||| DROPPING +1 broad axe of flaming.
 28170 | Swamp:1  | 28170 ||| INVOKING Heroism.
 28250 | Swamp:1  | 28250 ||| INVOKING Heroism.
 28255 | Swamp:1  | HP: 21/132 [will-o-the-wisp/foxfire (24)]
 28256 | Swamp:1  | 28256 ||| READING 19 scrolls of teleportation.
 28257 | Swamp:1  | 28257 ||| DRINKING 4 potions of heal wounds.
 28260 | Swamp:1  | 28260 ||| DRINKING 3 potions of heal wounds.
 28266 | Swamp:1  | HP: 30/132 [ghost crab] (17)]
 28267 | Swamp:1  | 28267 ||| READING 18 scrolls of teleportation.
 28268 | Swamp:1  | 28268 ||| DRINKING 2 potions of heal wounds.
 28546 | Swamp:1  | 28546 ||| INVOKING Heroism.
 28552 | Swamp:1  | 28552 ||| Stepping ~*~*~tactically~*~*~ (cloud).
 28763 | Swamp:1  | 28763 ||| Stepping ~*~*~tactically~*~*~ (stealth).
 28765 | Swamp:1  | 28765 ||| Stepping ~*~*~tactically~*~*~ (hiding).
 28820 | Swamp:1  | 28820 ||| DROPPING +0 plate armour of Fashionability
                  | {Rampage Stlth+}.
 28821 | Swamp:1  | 28821 ||| UPGRADING to +0 kite shield.
 28831 | Swamp:1  | 28831 ||| DROPPING +0 buckler.
 28832 | Swamp:1  | 28832 ||| READING scroll labelled PEACEM LENIRIF.
 28901 | Swamp:1  | 28901 ||| READING 13 scrolls of identify.
 28901 | Swamp:1  | 28901 ||| IDENTIFYING lumpy yellow potion
 28902 | Swamp:1  | 28902 ||| DROPPING potion of berserk rage.
 29049 | Swamp:2  | 29049 ||| INVOKING Heroism.
 29211 | Swamp:2  | Identified a scroll of acquirement
 29222 | Swamp:2  | 29222 ||| READING scroll of acquirement.
 29222 | Swamp:2  | 29222 ||| ACQUIRING 548 gold pieces
 29222 | Swamp:2  | Acquired 548 gold pieces
 29229 | Swamp:2  | 29229 ||| READING scroll of enchant weapon.
 29229 | Swamp:2  | 29229 ||| ENCHANTING +5 antimagic broad axe.
 29318 | Swamp:2  | 29318 ||| INVOKING Heroism.
 29392 | Swamp:2  | Found a sacrificial altar of Ru.
 29401 | Swamp:2  | 29401 ||| INVOKING Heroism.
 29463 | Swamp:2  | 29463 ||| INVOKING Heroism.
 29490 | Swamp:2  | 29490 ||| READING scroll of brand weapon.
 29490 | Swamp:2  | 29490 ||| BRANDING +6 antimagic broad axe.
 29588 | Swamp:2  | Identified the +0 falchion of Kaastaek {flame, Str+6 Int+6}
 29684 | Swamp:2  | 29684 ||| DROPPING ring of wizardry.
 29735 | Swamp:3  | 29735 ||| Stepping ~*~*~tactically~*~*~ (hiding).
 29737 | Swamp:3  | 29737 ||| Stepping ~*~*~tactically~*~*~ (hiding).
 29738 | Swamp:3  | 29738 ||| Stepping ~*~*~tactically~*~*~ (hiding).
 29741 | Swamp:3  | 29741 ||| Stepping ~*~*~tactically~*~*~ (cloud).
 29807 | Swamp:3  | 29807 ||| Stepping ~*~*~tactically~*~*~ (hiding).
 29899 | Swamp:3  | Noticed Donald
 29900 | Swamp:3  | 29900 ||| INVOKING Heroism.
 29916 | Swamp:3  | Killed Donald
 29982 | Swamp:3  | 29982 ||| Stepping ~*~*~tactically~*~*~ (stealth).
 29983 | Swamp:3  | 29983 ||| Stepping ~*~*~tactically~*~*~ (stealth).
 30119 | Swamp:3  | 30119 ||| INVOKING Heroism.
 30127 | Swamp:3  | 30127 ||| Stepping ~*~*~tactically~*~*~ (hiding).
 30186 | Swamp:3  | 30186 ||| INVOKING Heroism.
 30191 | Swamp:3  | Reached skill level 12 in Shields
 30227 | Swamp:3  | 30227 ||| INVOKING Heroism.
 30256 | Swamp:3  | HP: 30/132 [constriction (10)]
 30257 | Swamp:3  | 30257 ||| READING 17 scrolls of teleportation.
 30258 | Swamp:3  | 30258 ||| DRINKING 3 potions of heal wounds.
 30280 | Swamp:3  | 30280 ||| Stepping ~*~*~tactically~*~*~ (stealth).
 30283 | Swamp:3  | 30283 ||| INVOKING Heroism.
 30468 | Swamp:3  | 30468 ||| Stepping ~*~*~tactically~*~*~ (stealth).
 30470 | Swamp:3  | 30470 ||| Stepping ~*~*~tactically~*~*~ (hiding).
 30471 | Swamp:3  | 30471 ||| Stepping ~*~*~tactically~*~*~ (hiding).
 30481 | Swamp:3  | 30481 ||| Stepping ~*~*~tactically~*~*~ (hiding).
 30482 | Swamp:3  | 30482 ||| Stepping ~*~*~tactically~*~*~ (hiding).
 30483 | Swamp:3  | 30483 ||| Stepping ~*~*~tactically~*~*~ (hiding).
 30535 | Swamp:3  | 30535 ||| INVOKING Heroism.
 30562 | Swamp:3  | 30562 ||| Stepping ~*~*~tactically~*~*~ (stealth).
 30611 | Swamp:3  | 30611 ||| FLEEEEING.
 30612 | Swamp:3  | 30612 ||| FLEEEEING.
 30613 | Swamp:3  | 30613 ||| FLEEEEING.
 30614 | Swamp:3  | 30614 ||| FLEEEEING.
 30709 | Swamp:3  | 30709 ||| Stepping ~*~*~tactically~*~*~ (stealth).
 30744 | Swamp:3  | 30744 ||| INVOKING Heroism.
 30811 | Swamp:3  | 30811 ||| Stepping ~*~*~tactically~*~*~ (cloud).
 30839 | Swamp:3  | 30839 ||| INVOKING Heroism.
 30846 | Swamp:3  | Paralysed by a fenstrider witch for 5 turns
 31079 | Swamp:3  | 31079 ||| Stepping ~*~*~tactically~*~*~ (hiding).
 31228 | Swamp:3  | 31228 ||| INVOKING Heroism.
 31603 | Swamp:3  | 31603 ||| PLANNING SNAKE:4
 31603 | Swamp:3  | 31603 ||| UPGRADING to +0 kite shield of reflection.
 31613 | Swamp:3  | 31613 ||| DROPPING +2 pair of boots.
 31614 | Swamp:3  | 31614 ||| DROPPING +0 kite shield.
 31736 | Snake:3  | 31736 ||| INVOKING Heroism.
 31738 | Snake:3  | 31738 ||| Stepping ~*~*~tactically~*~*~ (hiding).
 31750 | Snake:4  | Entered Level 4 of the Snake Pit
 31818 | Snake:4  | Received a gift from Okawaru
 32168 | Snake:4  | Found a transporter.
 32180 | Snake:4  | 32180 ||| INVOKING Heroism.
 32243 | Snake:4  | Identified the +6 hand axe of Kismet {flame, rElec rC+++
                  | Str-3 Stlth+}
 32266 | Snake:4  | 32266 ||| Stepping ~*~*~tactically~*~*~ (stealth).
 32267 | Snake:4  | 32267 ||| Stepping ~*~*~tactically~*~*~ (stealth).
 32296 | Snake:4  | Noticed qw's ghost (adept GrFi)
 32377 | Snake:4  | Found a transporter.
 32378 | Snake:4  | 32378 ||| Stepping ~*~*~tactically~*~*~ (hiding).
 32379 | Snake:4  | 32379 ||| Stepping ~*~*~tactically~*~*~ (hiding).
 32414 | Snake:4  | 32414 ||| Stepping ~*~*~tactically~*~*~ (hiding).
 32415 | Snake:4  | 32415 ||| Stepping ~*~*~tactically~*~*~ (hiding).
 32421 | Snake:4  | 32421 ||| INVOKING Heroism.
 32432 | Snake:4  | Reached skill level 15 in Shields
 32441 | Snake:4  | HP: 27/132 [naga warrior/+0 glaive (10)]
 32442 | Snake:4  | 32442 ||| READING 16 scrolls of teleportation.
 32443 | Snake:4  | 32443 ||| DRINKING 2 potions of heal wounds.
 32444 | Snake:4  | 32444 ||| INVOKING Heroism.
 32446 | Snake:4  | HP: 27/132 [naga warrior/+0 flail (16)]
 32447 | Snake:4  | 32447 ||| DRINKING potion of heal wounds.
 32657 | Snake:4  | 32657 ||| INVOKING Heroism.
 32665 | Snake:4  | Reached skill level 15 in Armour
 32667 | Snake:4  | Reached XP level 19. HP: 106/137 MP: 24/26
 32674 | Snake:4  | Received a gift from Okawaru
 32706 | Snake:4  | 32706 ||| INVOKING Heroism.
 32730 | Snake:4  | HP: 34/139 [constriction (1)]
 32731 | Snake:4  | 32731 ||| READING 15 scrolls of teleportation.
 33058 | Snake:4  | 33058 ||| INVOKING Heroism.
 33060 | Snake:4  | 33060 ||| Stepping ~*~*~tactically~*~*~ (hiding).
 33061 | Snake:4  | 33061 ||| Stepping ~*~*~tactically~*~*~ (hiding).
 33063 | Snake:4  | 33063 ||| Stepping ~*~*~tactically~*~*~ (hiding).
 33120 | Snake:4  | 33120 ||| INVOKING Heroism.
 33225 | Snake:4  | Got a serpentine rune of Zot
 33295 | Snake:4  | 33295 ||| Stepping ~*~*~tactically~*~*~ (hiding).
 33464 | Snake:4  | Found Ykkidih's Book Boutique.
 33550 | Snake:4  | 33550 ||| PLANNING VAULTS:1-4
 33774 | Vaults:1 | Entered Level 1 of the Vaults
 33775 | Vaults:1 | 33775 ||| PLANNING WIZLAB
 33871 | Vaults:1 | 33871 ||| FLEEEEING.
 33878 | Vaults:1 | 33878 ||| INVOKING Heroism.
 33881 | Vaults:1 | Received a gift from Okawaru
 33883 | Vaults:1 | 33883 ||| INVOKING Finesse.
 33894 | Vaults:1 | Received a gift from Okawaru
 34208 | Vaults:1 | 34208 ||| Stepping ~*~*~tactically~*~*~ (stealth).
 34231 | Vaults:1 | 34231 ||| INVOKING Heroism.
 34426 | Vaults:1 | 34426 ||| RIP WIZLAB
 34480 | Vaults:1 | 34480 ||| PLANNING VAULTS:1-4
 34520 | Vaults:1 | Received a gift from Okawaru
 34736 | Vaults:1 | Identified the +8 plate armour of Egalitarianism {Harm
                  | Dex+3 SInv} (Okawaru gifted it to you on level 1 of the
                  | Vaults)
 34736 | Vaults:1 | Received a gift from Okawaru
 34742 | Vaults:1 | 34742 ||| INVOKING Heroism.
 34743 | Vaults:1 | 34743 ||| INVOKING Finesse.
 34760 | Vaults:1 | 34760 ||| FLEEEEING.
 34761 | Vaults:1 | 34761 ||| FLEEEEING.
 34762 | Vaults:1 | 34762 ||| FLEEEEING.
 34763 | Vaults:1 | 34763 ||| FLEEEEING.
 34764 | Vaults:1 | 34764 ||| FLEEEEING.
 34765 | Vaults:1 | 34765 ||| FLEEEEING.
 34766 | Vaults:1 | 34766 ||| FLEEEEING.
 34767 | Vaults:1 | 34767 ||| FLEEEEING.
 34768 | Vaults:1 | 34768 ||| FLEEEEING.
 34769 | Vaults:1 | 34769 ||| FLEEEEING.
 34770 | Vaults:1 | 34770 ||| FLEEEEING.
 34771 | Vaults:1 | 34771 ||| FLEEEEING.
 34772 | Vaults:1 | 34772 ||| FLEEEEING.
 34773 | Vaults:1 | 34773 ||| FLEEEEING.
 34774 | Vaults:1 | 34774 ||| FLEEEEING.
 34775 | Vaults:1 | 34775 ||| FLEEEEING.
 34776 | Vaults:1 | 34776 ||| FLEEEEING.
 34777 | Vaults:1 | 34777 ||| FLEEEEING.
 34778 | Vaults:1 | 34778 ||| FLEEEEING.
 34779 | Vaults:1 | 34779 ||| FLEEEEING.
 34780 | Vaults:1 | 34780 ||| FLEEEEING.
 34781 | Vaults:1 | 34781 ||| FLEEEEING.
 34782 | Vaults:1 | 34782 ||| FLEEEEING.
 34783 | Vaults:1 | 34783 ||| FLEEEEING.
 34784 | Vaults:1 | 34784 ||| FLEEEEING.
 34785 | Vaults:1 | 34785 ||| FLEEEEING.
 34786 | Vaults:1 | 34786 ||| FLEEEEING.
 34787 | Vaults:1 | 34787 ||| FLEEEEING.
 34788 | Vaults:1 | 34788 ||| FLEEEEING.
 34789 | Vaults:1 | 34789 ||| FLEEEEING.
 34790 | Vaults:1 | 34790 ||| FLEEEEING.
 34791 | Vaults:1 | 34791 ||| FLEEEEING.
 34792 | Vaults:1 | 34792 ||| FLEEEEING.
 34793 | Vaults:1 | 34793 ||| FLEEEEING.
 34794 | Vaults:1 | 34794 ||| FLEEEEING.
 34795 | Vaults:1 | 34795 ||| FLEEEEING.
 34796 | Vaults:1 | 34796 ||| FLEEEEING.
 34797 | Vaults:1 | 34797 ||| FLEEEEING.
 34799 | Vaults:1 | 34799 ||| FLEEEEING.
 34800 | Vaults:1 | 34800 ||| FLEEEEING.
 34801 | Vaults:1 | 34801 ||| FLEEEEING.
 34802 | Vaults:1 | 34802 ||| FLEEEEING.
 34803 | Vaults:1 | 34803 ||| FLEEEEING.
 34804 | Vaults:1 | 34804 ||| FLEEEEING.
 34805 | Vaults:1 | 34805 ||| FLEEEEING.
 34806 | Vaults:1 | 34806 ||| FLEEEEING.
 34807 | Vaults:1 | 34807 ||| FLEEEEING.
 34808 | Vaults:1 | 34808 ||| INVOKING Heroism.
 35285 | Vaults:1 | Found Coraq's Weapon Shop.
 35474 | Vaults:1 | 35474 ||| INVOKING Heroism.
 35478 | Vaults:1 | Reached skill level 9 in Throwing
 35507 | Vaults:1 | Identified the +0 scale mail "Seliox" {Will+}
 35557 | Vaults:2 | 35557 ||| Stepping ~*~*~tactically~*~*~ (hiding).
 35598 | Vaults:2 | 35598 ||| Stepping ~*~*~tactically~*~*~ (hiding).
 35608 | Vaults:2 | 35608 ||| INVOKING Heroism.
 35609 | Vaults:2 | 35609 ||| INVOKING Finesse.
 35611 | Vaults:2 | 35611 ||| DRINKING 11 potions of curing.
 35611 | Vaults:2 | 35611 ||| (to cure confusion)
 35693 | Vaults:2 | 35693 ||| INVOKING Heroism.
 35796 | Vaults:2 | 35796 ||| Stepping ~*~*~tactically~*~*~ (hiding).
 35822 | Vaults:2 | 35822 ||| Stepping ~*~*~tactically~*~*~ (hiding).
 35931 | Vaults:2 | 35931 ||| Stepping ~*~*~tactically~*~*~ (hiding).
 35988 | Vaults:2 | 35988 ||| Stepping ~*~*~tactically~*~*~ (hiding).
 36015 | Vaults:2 | 36015 ||| Stepping ~*~*~tactically~*~*~ (hiding).
 36016 | Vaults:2 | 36016 ||| Stepping ~*~*~tactically~*~*~ (hiding).
 36032 | Vaults:2 | Received a gift from Okawaru
 36040 | Vaults:2 | 36040 ||| INVOKING Heroism.
 36045 | Vaults:2 | HP: 28/140 [dire elephant (35)]
 36046 | Vaults:2 | 36046 ||| READING 16 scrolls of teleportation.
 36048 | Vaults:2 | HP: 9/140 [dire elephant (17)]
 36083 | Vaults:2 | Noticed Zenata
 36084 | Vaults:2 | 36084 ||| Stepping ~*~*~tactically~*~*~ (hiding).
 36087 | Vaults:2 | 36087 ||| READING 15 scrolls of teleportation.
 36089 | Vaults:2 | 36089 ||| Stepping ~*~*~tactically~*~*~ (hiding).
 36090 | Vaults:2 | 36090 ||| Stepping ~*~*~tactically~*~*~ (hiding).
 36107 | Vaults:2 | 36107 ||| READING 14 scrolls of teleportation.
 36108 | Vaults:2 | 36108 ||| INVOKING Heroism.
 36129 | Vaults:2 | 36129 ||| Stepping ~*~*~tactically~*~*~ (hiding).
 36140 | Vaults:2 | HP: 31/141 [Zenata/a resonance strike (14)]
 36141 | Vaults:2 | 36141 ||| READING 13 scrolls of teleportation.
 36145 | Vaults:2 | Reached XP level 20. HP: 19/149 MP: 27/27
 36199 | Vaults:2 | 36199 ||| INVOKING Heroism.
 36220 | Vaults:2 | 36220 ||| Stepping ~*~*~tactically~*~*~ (hiding).
 36229 | Vaults:2 | HP: 30/149 [Zenata/a resonance strike (17)]
 36230 | Vaults:2 | 36230 ||| READING 12 scrolls of teleportation.
 36230 | Vaults:2 | HP: 10/149 [Zenata/+5 eveningstar of draining (21)]
 36232 | Vaults:2 | Slain by Zenata

Levels and vault maps discovered:
D:1:      mrwooster_arrival_arrow, layout_basic
D:2:      layout_basic, serial_park_tiny_pond
D:3:      layout_rooms, grunt_temple_overflow_diamond, minmay_pentomino_pile,
          uniq_terence, uniq_ijyb, uniq_jessica
D:4:      layout_basic, jmf_multi_god_temple, nicolae_kite_square_tiling_tiny,
          dk_noncrumbling_2
D:5:      layout_loops_ring, makhleb_blood_cavern_becter,
          minmay_temple_entry_arrows, corexii_shack, serial_bayou_pond_d
D:6:      layout_basic, serial_shops, shop, uniq_eustachio
D:7:      layout_loops_cross
D:8:      kennysheep_blocky_room, layout_basic, grunt_gozag_statues,
          enter_bailey_8, uniq_psyche, uniq_prince_ribbit1
D:9:      layout_cave_pools, mainiacjoe_overflow_cross_hatched,
          lemuel_doored_altar
D:10:     layout_basic, dancing_weapons_uskayaw, kennysheep_mini_moat,
          grunt_decor_mini_mirrors, uniq_harold
D:11:     layout_cave_pods, erik_lair_dragon, minmay_orc_entry_temple_small,
          portal_ice_cave_entry_imps
D:12:     layout_gridville, palyth_stone_intersect
D:13:     nicolae_hexawheel, layout_layer_cave, erik_vaults_2, serial_glass,
          glass_columns_b, glass_columns_b, glass_columns_a, glass_columns_c,
          fedhas_altar_2
D:14:     layout_loops_ring, ashenzari_altar_1, chequers_serial_rivers_micro_e,
          nicolae_eternal_life
D:15:     hangedman_depths_entry_try_elsewhere_first, layout_basic,
          minmay_misc_feat_nine_boxes, gauntlet_entry_generic,
          minmay_diamond_spiral, uniq_rupert
Temple:   nicolae_temple_ecumenical_triangle
Lair:1:   layout_regular_city, pdpol_lair_cavern_descent
Lair:2:   layout_cave_pods, guppyfry_snake_entry_island,
          nicolae_quartered_pool_medium, disabler_island,
          infiniplex_staircase_pool_2, uniq_erica
Lair:3:   layout_roguey, swamp_mist, basic_altar, infiniplex_staircase_pool,
          uniq_kirke
Lair:4:   layout_regular_city, dreamdust_gnoll_shepherd, lemuel_fruit_fields
Lair:5:   gammafunk_lair_ancient_temple, layout_misc_corridors,
          dpeg_slime_entry_enclosed
Swamp:1:  layout_basic_swamp, evilmike_swamp_ruin_house_1, uniq_josephine,
          uniq_aizul
Swamp:2:  layout_basic_swamp, basic_altar
Swamp:3:  nzn_winding_woodlands_cross [nzn_winding_woodlands_5x15_split_checker,
          nzn_winding_woodlands_5x15_concentric,
          nzn_winding_woodlands_5x15_longhouse,
          nzn_winding_woodlands_5x15_crooked,
          nzn_winding_woodlands_15x15_five_gardens], layout_basic_swamp,
          evilmike_swamp_ruin_rubble_1, uniq_donald
Snake:1:  layout_misc_corridors, serial_shops, shop, uniq_azrael
Snake:2:  layout_layer_cave, serial_shops, shop, nicolae_elevator_lobby_asterisk
Snake:3:  layout_misc_corridors, serial_bayou_shore_b, uniq_agnes
Snake:4:  snake_pit, layout_chambers, gammafunk_ghost_abyssal_escape,
          serial_shops, shop, nicolae_snake_slithery_corners
Orc:1:    layout_caves, basic_altar, roderic_batcave, uniq_snorg
Orc:2:    st_orc_elflike, layout_diamond_mine, basic_altar, uniq_urug,
          uniq_maurice
Vaults:1: mu_enter_wizlab_3, nicolae_vaults_fighting_squares, v_misc_18,
          ontoclasm_vaults_eye, nicolae_vaults_frosty_reception,
          nicolae_vaults_variable_pillar_hall, hangedman_vaults_capsules,
          grunt_vaults_hallway_short, grunt_vaults_hallway_short, v_misc_10,
          nicolae_vaults_closet_pinwheel_1, vaults_room_ringed_pool,
          nicolae_vaults_offset_grid_hallway_1, layout_vaults_maze,
          serial_shops, shop
Vaults:2: nicolae_vaults_closet_pinwheel_3,
          nicolae_vaults_offset_grid_hallway_3,
          nicolae_vaults_diagonal_hallway_7, nicolae_vaults_triangles,
          v_misc_30, nicolae_vaults_trapezoid_2,
          nicolae_vaults_little_squares_6, hangedman_vaults_snaps,
          ontoclasm_vaults_pinch, ontoclasm_vaults_decontamination,
          vaults_dpeg_hooks, dpeg_vaults_monster_box, layout_vaults_big_room,
          uniq_zenata

Skill      XL: |  1  2  3  4  5  6  7  8  9 10 11 12 13 14 15 16 17 18 19 |
---------------+----------------------------------------------------------+-----
Axes           | 2 3 4 5 6 7 8 9 10 11 12 14 15 16 17 18 | 18.0
Fighting       | 4 5 6 8 9 10 11 12 13 15 16 17 | 17.9
Dodging        | 1 2 3 4 |  4.0
Throwing       | 1 3 5 6 8 10 | 10.0
Armour         | 5 6 8 9 11 12 13 14 15 16 | 16.0
Invocations    | 5 9 10 | 10.0
Shields        | 4 5 6 7 8 10 15 16 | 16.0

Action                     |  1- 3 |  4- 6 |  7- 9 | 10-12 | 13-15 | 16-18 | 19-21 || total
---------------------------+-------+-------+-------+-------+-------+-------+-------++-------
  Melee: War axe           |    89 |   145 |   258 |   412 |   431 |       |       ||  1335
         Broad axe         |       |       |       |       |   126 |  1399 |   398 ||  1923
  Throw: Boomerang         |       |     8 |    49 |    21 |     4 |    48 |    11 ||   141
         Javelin           |       |       |       |    86 |   103 |   135 |    19 ||   343
 Invoke: Heroism           |       |       |     3 |    21 |    19 |    50 |    13 ||   106
         Finesse           |       |       |       |     3 |     4 |     6 |     3 ||    16
    Use: Scroll            |     6 |     6 |     6 |    10 |     5 |    23 |     6 ||    62
         Potion            |       |     2 |     2 |     2 |     1 |    15 |     1 ||    23
   Stab: Petrifying        |       |       |       |       |     2 |       |       ||     2
         Distracted        |       |       |       |       |       |     1 |       ||     1
 Armour: Scale mail        |    46 |    29 |       |       |       |       |       ||    75
         Chain mail        |       |    59 |    56 |       |       |       |       ||   115
         Skin              |       |     1 |       |       |       |       |       ||     1
         Plate armour      |       |       |   127 |   263 |   382 |   928 |   184 ||  1884
  Dodge: Dodged            |    29 |    42 |    64 |   129 |   169 |   357 |   113 ||   903
  Block: Buckler           |    13 |    21 |    41 |    75 |   106 |   217 |       ||   473
         Kite shield       |       |       |       |       |       |   165 |   212 ||   377
         Reflection        |       |       |       |       |       |    11 |    24 ||    35

Table legend:
 A = Non-vault XP
 B = Vault XP
 C = Vault XP percentage of total XP
 D = Non-vault monster count
 E = Vault monster count
 F = Vault count percentage of total count
                 A         B        C        D         E       F
            +---------+---------+-------+---------+---------+-------
      Total |  221458 |  136810 |  38.2 |     716 |     283 |  28.3
            +---------+---------+-------+---------+---------+-------
        D:1 |      42 |       0 |   0.0 |      24 |       0 |   0.0
        D:2 |      90 |       0 |   0.0 |      28 |       0 |   0.0
        D:3 |     155 |     129 |  45.4 |      22 |       9 |  29.0
        D:4 |     716 |     155 |  17.8 |      29 |       2 |   6.5
        D:5 |     511 |      45 |   8.1 |       8 |       2 |  20.0
        D:6 |     631 |     203 |  24.3 |      24 |       1 |   4.0
        D:7 |     811 |       0 |   0.0 |      18 |       0 |   0.0
        D:8 |    1434 |    2613 |  64.6 |      11 |      10 |  47.6
        D:9 |    3398 |       0 |   0.0 |      27 |       0 |   0.0
       D:10 |    3810 |     876 |  18.7 |      25 |       1 |   3.8
       D:11 |    3084 |    1153 |  27.2 |       9 |      27 |  75.0
       D:12 |    5453 |       0 |   0.0 |      20 |       0 |   0.0
       D:13 |    1679 |   16920 |  91.0 |       3 |      28 |  90.3
       D:14 |    2176 |       0 |   0.0 |       8 |       0 |   0.0
       D:15 |   11041 |    8844 |  44.5 |      18 |       9 |  33.3
     Lair:1 |    5409 |    2493 |  31.5 |      25 |       7 |  21.9
     Lair:2 |    4647 |    1317 |  22.1 |      25 |       6 |  19.4
     Lair:3 |    4993 |    2380 |  32.3 |      13 |       6 |  31.6
     Lair:4 |    4312 |      41 |   0.9 |      21 |       1 |   4.5
     Lair:5 |   12958 |    7199 |  35.7 |      37 |      19 |  33.9
    Swamp:1 |   17104 |    3151 |  15.6 |      31 |       7 |  18.4
    Swamp:2 |    9185 |       0 |   0.0 |      21 |       0 |   0.0
    Swamp:3 |   12198 |   21707 |  64.0 |      23 |      30 |  56.6
    Snake:1 |    6799 |    1576 |  18.8 |      15 |       5 |  25.0
    Snake:2 |   23018 |       0 |   0.0 |      43 |       0 |   0.0
    Snake:3 |   13876 |    1428 |   9.3 |      30 |       1 |   3.2
    Snake:4 |   12164 |   20535 |  62.8 |      25 |      33 |  56.9
      Orc:1 |    1902 |    1092 |  36.5 |      29 |       8 |  21.6
      Orc:2 |    1356 |    9259 |  87.2 |       9 |      27 |  75.0
   Vaults:1 |   19411 |   22055 |  53.2 |      27 |      31 |  53.4
   Vaults:2 |   15729 |   11639 |  42.5 |      20 |      13 |  39.4
    Abyss:2 |   21366 |       0 |   0.0 |      48 |       0 |   0.0
            +---------+---------+-------+---------+---------+-------
